PAA
SUN PRAIRIE SWALLOWS @ ATHLETIC CLUB KC ACADEMY
09/02/2023
 
TOP OF THE 1ST
Sun Prairie Swallows batting - Pitching for Athletic Club KC Academy : LHP Fernando Durán
Pitching: LHP Fernando Durán
Batting: RHB José Silva 0-0: Ball
1-0: Foul Ball, location: 2F
1-1: Foul Ball, location: 2F
1-2: Ground out 1-3 (Groundball, 13)
Batting: RHB Bob Wilson 0-0: Foul Ball, location: 2F
0-1: Fly out, F8 (Flyball, 8RM)
Batting: RHB Luis Tapia 0-0: Ground out 5-3 (Groundball, 5)
Top of the 1st over - 0 run(s), 0 hit(s), 0 error(s), 0 left on base; Sun Prairie 0 - Athletic Club KC Academy 0
BOTTOM OF THE 1ST
Athletic Club KC Academy batting - Pitching for Sun Prairie Swallows : LHP Phil Miles
Pitching: LHP Phil Miles
Batting: SHB António Montés 0-0: Ball
1-0: Called Strike
1-1: Ball
2-1: Ground out 6-3 (Groundball, 56)
Batting: RHB Allen Williams 0-0: Ball
1-0: Called Strike
1-1: Ball
2-1: Foul Ball, location: 2F
2-2: Foul Ball, location: 2F
2-2: DOUBLE (Line Drive, 7LS)
Batting: SHB Eric Moore 0-0: Ball
1-0: Ball
2-0: Foul Ball, location: 2F
2-1: Foul Ball, location: 2F
2-2: Ball
3-2: Strikes out swinging
Batting: RHB Chris Teague 0-0: Ball
1-0: Foul Ball, location: 2F
1-1: Fly out, F7 (Flyball, 78S)
Bottom of the 1st over - 0 run(s), 1 hit(s), 0 error(s), 1 left on base; Sun Prairie 0 - Athletic Club KC Academy 0
TOP OF THE 2ND
Sun Prairie Swallows batting - Pitching for Athletic Club KC Academy : LHP Fernando Durán
Batting: RHB Matías Torrella 0-0: Swinging Strike
0-1: SINGLE (Groundball, 56D)
Batting: SHB Chris Murray 0-0: Called Strike
0-1: Ball
1-1: Ball
2-1: DOUBLE (Line Drive, 7LS)
Matías Torrella to third
Batting: RHB Reece White 0-0: Ball
1-0: Foul Ball, location: 2F
1-1: SINGLE (Groundball, 56D)
Matías Torrella scores
Chris Murray to third
Batting: RHB Darby Carveth 0-0: Ball
1-0: Foul Ball, location: 2F
1-1: SINGLE (Groundball, 3D)
Chris Murray scores
Reece White to second
Runner from 2nd tries for 3rd, SAFE, throw made to third
Batting: RHB Alfonso López 0-0: Called Strike
Darby Carveth steals 2nd base
0-1: Ball
1-1: SINGLE (Flyball, 8LS)
Reece White scores
Darby Carveth to third
Batting: RHB Joel Frazier 0-0: SINGLE (Groundball, 56D)
Darby Carveth scores
Alfonso López to second
Batting: RHB José Silva 0-0: Ball
1-0: Called Strike
1-1: Called Strike
1-2: Ball
2-2: Fly out, F9 (Flyball, 89M)
Runner from 2nd tags up, SAFE at 3rd with throw
Batting: RHB Bob Wilson 0-0: Ball
1-0: Called Strike
1-1: Foul Ball, location: 2F
1-2: Ball
2-2: Ball
3-2: Foul Ball, location: 2F
3-2: Foul Ball, location: 2F
3-2: Foul Ball, location: 2F
3-2: Foul Ball, location: 2F
3-2: Base on Balls
Joel Frazier to second
Batting: RHB Luis Tapia 0-0: Ball
1-0: Ball
2-0: Called Strike
2-1: Swinging Strike
2-2: SINGLE (Groundball, 56)
Alfonso López scores
Joel Frazier to third
Bob Wilson to second
Runner from 3rd tries for Home, throw and OUT!
Bob Wilson to third
Luis Tapia to second
Batting: RHB Matías Torrella 0-0: Ground out 5-3 (Groundball, 5L)
Top of the 2nd over - 5 run(s), 7 hit(s), 0 error(s), 2 left on base; Sun Prairie 5 - Athletic Club KC Academy 0
BOTTOM OF THE 2ND
Athletic Club KC Academy batting - Pitching for Sun Prairie Swallows : LHP Phil Miles
Batting: RHB Manuel Canó 0-0: Called Strike
0-1: Foul Ball, location: 2F
0-2: Ball
1-2: Strikes out swinging, 2-3 out at first.
Batting: RHB Bob Curry 0-0: Ground out 4-3 (Groundball, 4M)
Batting: SHB Fernando Luna 0-0: Foul Ball, location: 2F
0-1: Called Strike
0-2: DOUBLE (Flyball, 78D)
Batting: RHB Larry Johnston 0-0: Called Strike
0-1: Swinging Strike
0-2: Ball
1-2: Ball
2-2: Ball
3-2: Fly out, F5 (Line Drive, 5D)
Bottom of the 2nd over - 0 run(s), 1 hit(s), 0 error(s), 1 left on base; Sun Prairie 5 - Athletic Club KC Academy 0
TOP OF THE 3RD
Sun Prairie Swallows batting - Pitching for Athletic Club KC Academy : LHP Fernando Durán
Batting: SHB Chris Murray 0-0: Ball
1-0: Ground out 5-3 (Groundball, 5L)
Batting: RHB Reece White 0-0: Fly out, F4 (Popup, 4D)
Batting: RHB Darby Carveth 0-0: Ground out 5-3 (Groundball, 5)
Top of the 3rd over - 0 run(s), 0 hit(s), 0 error(s), 0 left on base; Sun Prairie 5 - Athletic Club KC Academy 0
BOTTOM OF THE 3RD
Athletic Club KC Academy batting - Pitching for Sun Prairie Swallows : LHP Phil Miles
Batting: LHB Naohiro Sakai 0-0: Foul Ball, location: 2F
0-1: Fly out, F8 (Line Drive, 8RM)
Batting: SHB António Montés 0-0: Fly out, F9 (Flyball, 9M)
Batting: RHB Allen Williams 0-0: Swinging Strike
0-1: Foul Ball, location: 2F
0-2: Ball
1-2: Strikes out looking
Bottom of the 3rd over - 0 run(s), 0 hit(s), 0 error(s), 0 left on base; Sun Prairie 5 - Athletic Club KC Academy 0
TOP OF THE 4TH
Sun Prairie Swallows batting - Pitching for Athletic Club KC Academy : LHP Fernando Durán
Batting: RHB Alfonso López 0-0: Swinging Strike
0-1: Ball
1-1: Ball
2-1: Fly out, F9 (Line Drive, 89M)
Batting: RHB Joel Frazier 0-0: Ball
1-0: Called Strike
1-1: Ball
2-1: Foul Ball, location: 2F
2-2: Ball
3-2: Base on Balls
Batting: RHB José Silva 0-0: Called Strike
0-1: Ball
1-1: Ball
2-1: Called Strike
Passed Ball!
Joel Frazier to second
2-2: Foul Ball, location: 2F
2-2: Strikes out looking
Batting: RHB Bob Wilson 0-0: Ball
1-0: Ball
2-0: Called Strike
2-1: Ball
3-1: Foul Ball, location: 2F
3-2: Base on Balls
Batting: RHB Luis Tapia 0-0: Foul Ball, location: 2F
0-1: 3-RUN HOME RUN (Flyball, 7D), Distance : 390 ft
Pitching: LHP David Cahill
Batting: RHB Matías Torrella 0-0: Called Strike
0-1: Fly out, F6 (Popup, 7LS)
Top of the 4th over - 3 run(s), 1 hit(s), 0 error(s), 0 left on base; Sun Prairie 8 - Athletic Club KC Academy 0
BOTTOM OF THE 4TH
Athletic Club KC Academy batting - Pitching for Sun Prairie Swallows : LHP Phil Miles
Batting: SHB Eric Moore 0-0: Called Strike
0-1: Swinging Strike
0-2: Ball
1-2: Ball
2-2: Ball
3-2: Strikes out swinging
Batting: RHB Chris Teague 0-0: Ground out 4-3 (Groundball, 4)
Batting: RHB Manuel Canó 0-0: Ball
1-0: SINGLE (Line Drive, 4)
Batting: RHB Bob Curry 0-0: Ball
1-0: Called Strike
1-1: Ground out 5-3 (Groundball, 56S)
Bottom of the 4th over - 0 run(s), 1 hit(s), 0 error(s), 1 left on base; Sun Prairie 8 - Athletic Club KC Academy 0
TOP OF THE 5TH
Sun Prairie Swallows batting - Pitching for Athletic Club KC Academy : LHP David Cahill
Batting: SHB Chris Murray 0-0: Hit by Pitch
Batting: RHB Reece White 0-0: Ball
1-0: Bunted foul
1-1: Sac Bunt - play at first, batter OUT! 6-4
Chris Murray to second
Batting: RHB Darby Carveth 0-0: Ball
1-0: Ground out 6-3 (Groundball, 6)
Batting: RHB Alfonso López 0-0: Fly out, F9 (Flyball, 89M)
Top of the 5th over - 0 run(s), 0 hit(s), 0 error(s), 1 left on base; Sun Prairie 8 - Athletic Club KC Academy 0
BOTTOM OF THE 5TH
Athletic Club KC Academy batting - Pitching for Sun Prairie Swallows : LHP Phil Miles
Batting: SHB Fernando Luna 0-0: Ball
1-0: Foul Ball, location: 2F
1-1: Foul Ball, location: 2F
1-2: Foul Ball, location: 2F
1-2: Ball
2-2: Ball
3-2: Base on Balls
Batting: RHB Larry Johnston 0-0: Ball
1-0: SINGLE (Line Drive, 6M)
Fernando Luna to second
Batting: LHB Naohiro Sakai 0-0: Called Strike
0-1: Foul Ball, location: 2F
0-2: Strikes out looking
Batting: SHB António Montés 0-0: Fly out, F8 (Flyball, 8LM)
Batting: RHB Allen Williams 0-0: Called Strike
0-1: Foul Ball, location: 2F
0-2: Fly out, F8 (Flyball, 8RD)
Bottom of the 5th over - 0 run(s), 1 hit(s), 0 error(s), 2 left on base; Sun Prairie 8 - Athletic Club KC Academy 0
TOP OF THE 6TH
Sun Prairie Swallows batting - Pitching for Athletic Club KC Academy : LHP David Cahill
Batting: RHB Joel Frazier 0-0: Called Strike
0-1: Ball
1-1: Called Strike
1-2: Ball
2-2: Ball
3-2: Base on Balls
Batting: RHB José Silva 0-0: Sac Bunt - play at first, batter OUT! 1-4
Joel Frazier to second
Batting: RHB Bob Wilson 0-0: Foul Ball, location: 2F
0-1: Foul Ball, location: 2F
0-2: Ground out 5-3 (Groundball, 5L)
Batting: RHB Luis Tapia 0-0: Ball
1-0: Swinging Strike
1-1: Fly out, F8 (Flyball, 8LM)
Top of the 6th over - 0 run(s), 0 hit(s), 0 error(s), 1 left on base; Sun Prairie 8 - Athletic Club KC Academy 0
BOTTOM OF THE 6TH
Athletic Club KC Academy batting - Pitching for Sun Prairie Swallows : LHP Phil Miles
Batting: SHB Eric Moore 0-0: Ball
1-0: Fly out, F8 (Flyball, 8LS)
Batting: RHB Chris Teague 0-0: Ball
1-0: SINGLE (Line Drive, 8RS)
Batting: RHB Manuel Canó 0-0: Foul Ball, location: 2F
0-1: Foul Ball, location: 2F
0-2: SINGLE (Line Drive, 6D)
Chris Teague to second
Batting: RHB Bob Curry 0-0: Ball
1-0: Ball
2-0: Ball
3-0: Called Strike
3-1: Foul Ball, location: 2F
3-2: Grounds into double play, 4-6-3 (Groundball, 4)
Bottom of the 6th over - 0 run(s), 2 hit(s), 0 error(s), 1 left on base; Sun Prairie 8 - Athletic Club KC Academy 0
TOP OF THE 7TH
Sun Prairie Swallows batting - Pitching for Athletic Club KC Academy : LHP David Cahill
Batting: RHB Matías Torrella 0-0: Called Strike
0-1: Foul Ball, location: 2F
0-2: Foul Ball, location: 2F
0-2: Foul Ball, location: 2F
0-2: Ball
1-2: Ball
2-2: Ball
3-2: Base on Balls
Batting: SHB Chris Murray 0-0: Called Strike
0-1: Ball
1-1: Ball
2-1: Ball
3-1: Called Strike
3-2: DOUBLE (Line Drive, 9LM)
Matías Torrella to third
Batting: RHB Reece White 0-0: Hit by Pitch
Batting: RHB Darby Carveth 0-0: Called Strike
0-1: Ground out 5-3 (Groundball, 56S)
Matías Torrella scores
Chris Murray to third
Reece White to second
Batting: RHB Alfonso López 0-0: Foul Ball, location: 2F
0-1: SINGLE (Groundball, 13S) (infield hit)
Batting: RHB Joel Frazier 0-0: Ball
1-0: Called Strike
1-1: Ball
2-1: Swinging Strike
2-2: Strikes out swinging
Batting: RHB José Silva 0-0: Ball
1-0: Ball
2-0: Ball
3-0: Called Strike
3-1: Fly out, F9 (Popup, 34D)
Top of the 7th over - 1 run(s), 2 hit(s), 0 error(s), 3 left on base; Sun Prairie 9 - Athletic Club KC Academy 0
BOTTOM OF THE 7TH
Athletic Club KC Academy batting - Pitching for Sun Prairie Swallows : LHP Phil Miles
Batting: SHB Fernando Luna 0-0: Called Strike
0-1: Ball
1-1: Swinging Strike
1-2: Ground out 6-3 (Groundball, 6M)
Batting: RHB Larry Johnston 0-0: Called Strike
0-1: Ball
1-1: SINGLE (Groundball, 25) (infield hit)
Batting: LHB Naohiro Sakai 0-0: Called Strike
Pickoff Throw to First - Out!
0-1: Ball
1-1: Fly out, F4 (Popup, 4MD)
Bottom of the 7th over - 0 run(s), 1 hit(s), 0 error(s), 0 left on base; Sun Prairie 9 - Athletic Club KC Academy 0
TOP OF THE 8TH
Sun Prairie Swallows batting - Pitching for Athletic Club KC Academy : LHP David Cahill
Pitching: LHP Eric York
Batting: RHB Bob Wilson 0-0: Foul Ball, location: 2F
0-1: Ball
1-1: Ball
2-1: Called Strike
2-2: Foul Ball, location: 2F
2-2: Foul Ball, location: 2F
2-2: Fly out, F9 (Flyball, 9M)
Batting: RHB Luis Tapia 0-0: Swinging Strike
0-1: SOLO HOME RUN (Line Drive, 78XD), Distance : 428 ft
Batting: RHB Matías Torrella 0-0: Ball
1-0: Ball
2-0: Called Strike
2-1: Ball
3-1: Fly out, F9 (Flyball, 9M)
Batting: SHB Chris Murray 0-0: Ball
1-0: SINGLE (Line Drive, 78S)
Batting: RHB Reece White 0-0: Ball
1-0: Ball
2-0: Called Strike
2-1: Ball
3-1: Base on Balls
Chris Murray to second
Batting: RHB Darby Carveth 0-0: Called Strike
0-1: DOUBLE (Line Drive, 89M)
Chris Murray scores
Reece White to third
Runner from 3rd tries for Home, SAFE, no throw or cutoff
Batting: RHB Alfonso López 0-0: Foul Ball, location: 2F
0-1: Ground out 5-3 (Groundball, 56)
Top of the 8th over - 3 run(s), 3 hit(s), 0 error(s), 1 left on base; Sun Prairie 12 - Athletic Club KC Academy 0
BOTTOM OF THE 8TH
Athletic Club KC Academy batting - Pitching for Sun Prairie Swallows : LHP Phil Miles
Pitching: RHP Emory Bryant
Now at C: Scott Forrest
Batting: SHB António Montés 0-0: Ball
1-0: Ball
2-0: Ball
3-0: Called Strike
3-1: Base on Balls
Batting: RHB Allen Williams 0-0: Ball
1-0: Called Strike
1-1: Called Strike
1-2: Ball
2-2: Fly out, F8 (Flyball, 89M)
Pinch Hitting: RHB Maurice Quinn 0-0: Ball
1-0: Ball
2-0: Ball
3-0: Called Strike
3-1: Base on Balls
António Montés to second
Batting: RHB Chris Teague 0-0: Fly out, F3 (Popup, 23F)
Batting: RHB Manuel Canó 0-0: Ball
1-0: Foul Ball, location: 2F
1-1: Ball
2-1: Ball
3-1: Base on Balls
António Montés to third
Maurice Quinn to second
Batting: RHB Bob Curry 0-0: Fly out, F7 (Flyball, 7S)
Bottom of the 8th over - 0 run(s), 0 hit(s), 0 error(s), 3 left on base; Sun Prairie 12 - Athletic Club KC Academy 0
TOP OF THE 9TH
Sun Prairie Swallows batting - Pitching for Athletic Club KC Academy : LHP Eric York
Now at 1B: Maurice Quinn
Pinch Hitting: RHB Marcos Rivera 0-0: SINGLE (Groundball, 34S)
Batting: RHB José Silva 0-0: Bunted foul
0-1: Ball
1-1: Sac Bunt - play at first, batter OUT! 3-4
Marcos Rivera to second
Batting: RHB Bob Wilson 0-0: Ball
1-0: Fly out, F9 (Flyball, 9M)
Batting: RHB Luis Tapia 0-0: Ball
1-0: Foul Ball, location: 2F
1-1: Ball
2-1: Foul Ball, location: 2F
2-2: Ball
3-2: Base on Balls
Batting: RHB Matías Torrella 0-0: Called Strike
0-1: Foul Ball, location: 2F
0-2: Ball
1-2: Foul Ball, location: 2F
1-2: Ball
2-2: Foul Ball, location: 2F
2-2: Ball
3-2: Base on Balls
Marcos Rivera to third
Luis Tapia to second
Batting: RHB Scott Forrest 0-0: Fly out, F6 (Line Drive, 6)
Top of the 9th over - 0 run(s), 1 hit(s), 0 error(s), 3 left on base; Sun Prairie 12 - Athletic Club KC Academy 0
BOTTOM OF THE 9TH
Athletic Club KC Academy batting - Pitching for Sun Prairie Swallows : RHP Emory Bryant
Now at 2B: Dan Hart
Batting: SHB Fernando Luna 0-0: Swinging Strike
0-1: Foul Ball, location: 2F
0-2: Ground out 4-3 (Groundball, 4)
Batting: RHB Larry Johnston 0-0: Called Strike
0-1: Foul Ball, location: 2F
0-2: Fly out, F4 (Popup, 4D)
Batting: LHB Naohiro Sakai 0-0: Swinging Strike
0-1: Ball
1-1: Called Strike
1-2: Strikes out looking
Bottom of the 9th over - 0 run(s), 0 hit(s), 0 error(s), 0 left on base; Sun Prairie 12 - Athletic Club KC Academy 0
This league is powered by Out of the Park Baseball, the baseball management simulation game for PC, Mac and Linux
Friday, July 8th, 2016 - OOTP Baseball 16.9 Build 39